 Dungeon Crawl Stone Soup version 0.18-a0-1225-g5d63bca (webtiles) character file.

137 krabocopter the Cudgeler (level 5, -3/32 HPs)
             Began as a Gargoyle Fighter on Feb 3, 2016.
             Slain by Natasha (6 damage)
             ... on level 2 of the Dungeon.
             The game lasted 00:05:53 (1249 turns).

krabocopter the Cudgeler (Gargoyle Fighter)         Turns: 1249, Time: 00:05:53

Health: -3/32      AC: 13    Str: 24    XL:     5   Next: 20%
Magic:  5/5        EV:  7    Int:  9    God:
Gold:   15         SH:  9    Dex: 10    Spells: 0 memorised, 4 levels left

rFire  . . .     SeeInvis .     a - +0 flail
rCold  . . .     Gourm    .     b - +0 scale mail
rNeg   + . .     Faith    .     c - +0 shield
rPois  ∞         Spirit   .     (no helmet)
rElec  +         Dismiss  .     m - +0 cloak
rCorr  .         Reflect  .     k - +0 pair of gloves
SustAt .         Harm     .     (no boots)
MR     .....                    (no amulet)
Stlth  ..........               (no ring)
                                (no ring)

@: mighty, slowed, very slow, not resistant to hostile enchantments, extremely
unstealthy
A: negative energy resistance 1, electricity resistance, unbreathing,
petrification resistance, rot immunity, AC +4
a: no special abilities


You were on level 2 of the Dungeon.
You were not hungry.

You visited 1 branch of the dungeon, and saw 2 of its levels.

You collected 15 gold pieces.

Inventory:

Hand Weapons
 a - a +0 flail (weapon)
Armour
 b - a +0 scale mail (worn)
 c - a +0 shield (worn)
 k - a +0 pair of gloves (worn)
 m - a +0 cloak (worn)
Scrolls
 g - a scroll of enchant weapon {unknown}
 h - a scroll of fog {unknown}
 j - a scroll of identify {unknown}
 n - 2 scrolls of recharging {unknown}
Potions
 e - a potion of magic {unknown}
 l - a potion of brilliance {unknown}
Comestibles
 f - a bread ration
 i - 2 chunks of flesh


   Skills:
 - Level 3.2 Fighting
 + Level 5.2 Maces & Flails
 - Level 3.2 Armour
 - Level 3.2 Shields


You had 4 spell levels left.
You didn't know any spells.

Dungeon Overview and Level Annotations

Branches:
Dungeon (2/15)

Altars:
Elyvilon

Annotations:
D:2 1 exclusion, Natasha


Innate Abilities, Weirdness & Mutations

You are resistant to torment.
Your stone body is resilient (AC +4).
You are immune to poison.
You resist negative energy.
You are resistant to electric shocks.
You can survive without breathing.
You are immune to petrification.
You are immune to rotting.


Message History

Reactivating autopickup.
Your Maces & Flails skill increases to level 5!
You have reached level 5!
You feel a bit more experienced.
The shadow imp disappears in a puff of smoke!
The giant newt bites you but does no damage.
You block the giant newt's attack.
You are too injured to fight recklessly!
You miss the giant newt. The giant newt barely misses you.
You block the giant newt's attack.
You barely miss the giant newt. You block the giant newt's attack. x2
Your scale mail prevents you from hitting the giant newt.
The giant newt bites you but does no damage. x2
Natasha, Servant of Life and Death comes into view.
You miss the giant newt.
Natasha hisses angrily.
You block the giant newt's attack. x2
You barely miss Natasha. Natasha closely misses you.
You block the giant newt's attack. Natasha claws you.
You die...

.........##.###.####.##.#
#........)...........##.#
#[##....#######.#.......#
#.##..### ##.#.......#
#.##..# #..........# #.##..#
#..........# ..##..###
#.##.......#
####....######.##.......# #.
#.....##.>..l@h(.....# #.. ##
#........<.....##.#..##.# #
.#
#......#.......##.......#(##.
.#
#....#.#......#...#.....#.#.#
.#
#..............##.........<#
##
##.........................##
##.##.#....................)
#.##.###########.........#
#....# ##.#...####


You could see Natasha and a giant newt.

Vanquished Creatures
  Terence (D:2)
  Natasha (twice) (D:2)
  2 adders (D:2)
  An ooze (D:1)
  2 worms (D:2)
  A giant gecko (D:1)
  A giant cockroach (D:2)
  5 hobgoblins
  4 bats
  2 giant newts (D:2)
  7 goblins
  6 kobolds
  5 rats (D:1)
39 creatures vanquished.

Notes
Turn   | Place    | Note
--------------------------------------------------------------
     0 | D:1      | krabocopter the Gargoyle Fighter began the quest for the Orb.
     0 | D:1      | Reached XP level 1. HP: 14/14 MP: 1/1
   223 | D:1      | Reached XP level 2. HP: 19/19 MP: 2/2
   696 | D:1      | Reached XP level 3. HP: 23/23 MP: 3/3
   853 | D:2      | Noticed Terence
   923 | D:2      | Killed Terence
   923 | D:2      | Reached skill level 4 in Maces & Flails
   946 | D:2      | Reached XP level 4. HP: 28/28 MP: 4/4
   959 | D:2      | Found a white marble altar of Elyvilon.
  1145 | D:2      | Noticed Natasha
  1150 | D:2      | Killed Natasha
  1231 | D:2      | Noticed Natasha
  1243 | D:2      | Killed Natasha
  1243 | D:2      | Reached skill level 5 in Maces & Flails
  1243 | D:2      | Reached XP level 5. HP: 2/32 MP: 5/5
  1247 | D:2      | Noticed Natasha
  1249 | D:2      | Slain by Natasha

Vault maps used:
D:1:      erik_arrival_triangle_large
D:2:      lemuel_upstairs_altar, nicolae_overflow_hidden_temple,
          kennysheep_generic_room_11, uniq_natasha, uniq_terence

Action                   |  1- 3 |  4- 6 || total
-------------------------+-------+-------++-------
Melee: Flail             |   100 |    47 ||   147
  Use: Potion            |       |     1 ||     1
  Eat: Chunk             |       |     1 ||     1
